 Dungeon Crawl Stone Soup version 0.21.1 (webtiles) character file.

114949 Monsterracer the Brawler (level 16, -1/138 HPs)
             Began as a Grey Draconian Hunter on Feb 3, 2018.
             Was the Champion of Cheibriados.
             Slain by Baghtru's ghost (38 damage)
             ... on level 2 of the Snake Pit.
             The game lasted 01:32:36 (31530 turns).

Monsterracer the Brawler (Grey Draconian Hunter)   Turns: 31530, Time: 01:32:37

Health: -1/138     AC: 24    Str: 31    XL:     16   Next: 17%
Magic:  0/24       EV: 23    Int: 33    God:    Cheibriados [******]
Gold:   1206       SH:  5    Dex: 27    Spells: 0/25 levels left

rFire    . . .     SeeInvis +     - Unarmed
rCold    . . .     Gourm    .   (shield currently unavailable)
rNeg     + + +     Faith    .   (armour unavailable)
rPois    +         Spirit   .   i - +0 mask of the Dragon {MR+ Slay+3 SInv}
rElec    .         Reflect  +   L - +4 cloak "Siameoj" {rN++ Int+3 Dex-2}
rCorr    .         Harm     .   (gloves currently unavailable)
MR       +++..                  V - +4 pair of boots of Limitation {rN++ Regen+}
Stlth    ++++......             S - +5 amulet of reflection
HPRegen  0.73/turn              u - ring of protection from magic {!d}
MPRegen  0.19/turn              R - ring of poison resistance {!d}

@: lethally poisoned (-1 -> -1), blade hands, very slow
A: walk through water, unfitting armour, unbreathing, cold-blooded, AC +14
a: End Transformation, Bend Time, Temporal Distortion, Slouch, Step From Time,
Renounce Religion


You were on level 2 of the Snake Pit.
You worshipped Cheibriados.
Cheibriados was exalted by your worship.
You were hungry.
You had blades for hands.
You visited 5 branches of the dungeon, and saw 24 of its levels.
You also visited: Labyrinth, Bailey and Volcano.

You collected 2750 gold pieces.
You spent 1462 gold pieces at shops.
You donated 82 gold pieces to Zin.

Inventory:

Missiles
 b - 6 javelins
 j - 38 tomahawks (quivered)
 y - 4 javelins of returning
 H - 2 exploding tomahawks
Armour
 h - a +2 pair of gloves (melded)
 i - the +0 mask of the Dragon (worn) {MR+ Slay+3 SInv}
   (You bought it in a shop on level 13 of the Dungeon)

   It affects your accuracy and damage with ranged weapons and melee attacks
   (+3).
   It affects your resistance to hostile enchantments.
   It lets you see invisible.
 F - a +2 cloak of magic resistance
 I - a +2 buckler (melded)
 L - the +4 cloak "Siameoj" (worn) {rN++ Int+3 Dex-2}
   (You found it on level 5 of the Lair of Beasts)

   It affects your intelligence (+3).
   It affects your dexterity (-2).
   It greatly protects you from negative energy.
 P - a +0 shield of reflection
 Q - the +0 pair of boots of Nobility {rF+ rN+ Slay+2}
   (You bought it in a shop on level 2 of the Orcish Mines)

   It affects your accuracy and damage with ranged weapons and melee attacks
   (+2).
   It protects you from fire.
   It protects you from negative energy.
 U - the +1 hat "Zegazeuc" {rF+ MR+ Str+2}
   (You acquired it in a bailey)

   It affects your strength (+2).
   It protects you from fire.
   It affects your resistance to hostile enchantments.
 V - the +4 pair of boots of Limitation (worn) {rN++ Regen+}
   (You acquired it on level 10 of the Dungeon)

   It greatly protects you from negative energy.
   It increases your rate of regeneration.
Jewellery
 t - the ring of Sin {rF+ rC+ rN+ Int+4 Slay-4}
   (You found it in a labyrinth)

   [ring of protection from cold]

   It affects your intelligence (+4).
   It affects your accuracy and damage with ranged weapons and melee attacks
   (-4).
   It protects you from fire.
   It protects you from cold.
   It protects you from negative energy.
 u - a ring of protection from magic (left scythe-like blade) {!d}
 x - an uncursed ring of resist corrosion {!d}
 C - an uncursed amulet of regeneration
 R - a ring of poison resistance (right scythe-like blade) {!d}
 S - a +5 amulet of reflection (around neck)
Wands
 m - a wand of acid (12)
 o - a wand of scattershot (13)
 r - a wand of enslavement (32)
 v - a wand of digging (41)
 z - a wand of iceblast (3)
 D - a wand of paralysis (13)
 E - a wand of clouds (5)
 K - a wand of flame (39)
 N - a wand of polymorph (13)
 O - a wand of disintegration (28)
Scrolls
 d - 2 scrolls of fear {!r}
 e - 14 scrolls of remove curse
 f - 10 scrolls of teleportation
 g - 2 scrolls of amnesia
 q - a scroll of blinking
 w - 5 scrolls of magic mapping {!r}
 A - 19 scrolls of identify
 T - a scroll of silence
 W - a scroll of enchant armour
 X - a scroll of fog
Potions
 a - 4 potions of brilliance
 k - 11 potions of curing
 l - 7 potions of cancellation
 n - 4 potions of heal wounds
 p - 4 potions of might
 s - 3 potions of ambrosia {!q}
 B - a potion of agility
 G - a potion of invisibility
 J - 3 potions of magic
 M - 3 potions of resistance
 Z - a potion of flight
Comestibles
 c - 41 rations


   Skills:
 + Level 11.5 Fighting
 - Level 10.0 Throwing
 + Level 9.8 Dodging
 - Level 5.0 Stealth
 - Level 4.0 Shields
 * Level 15.2 Unarmed Combat
 - Level 5.0 Spellcasting
 - Level 5.0 Summonings
 + Level 1.4 Necromancy
 - Level 10.0 Transmutations
 + Level 4.3 Air Magic
 + Level 10.8 Invocations
 - Level 5.0 Evocations


You couldn't memorise any spells.
You knew the following spells:

 Your Spells              Type           Power        Failure   Level  Hunger
a - Summon Lightning Spi  Summ/Air       #####...     38%         4    ###....
b - Sticks to Snakes      Tmut           ######..     8%          2    None
c - Borgnjor's Vile Clut  Necr/Erth      ##........   95%         5    #####..
d - Blade Hands           Tmut           ######....   22%         5    #####..
e - Song of Slaying       Chrm           #.......     38%         2    None
f - Olgreb's Toxic Radia  Pois           #.......     83%         4    ###....
j - Regeneration          Chrm/Necr      ##........   47%         3    None


Dungeon Overview and Level Annotations

Branches:
Dungeon (13/15)            Temple (1/1) D:4            Lair (6/6) D:9
 Shoals (0/4) Lair:3        Snake (2/4) Lair:2        Slime (0/5) Lair:5
    Orc (2/2) D:9             Elf (0/3) Orc:2
 Vaults: D:13-14

Altars:
Ashenzari
Cheibriados
Dithmenos
Elyvilon
Fedhas
Gozag
Hepliaklqana
Kikubaaqudgha
Makhleb
Nemelex Xobeh
Okawaru
Qazlal
Ru
Sif Muna
Trog
Uskayaw
Vehumet
Wu Jian
Xom
Yredelemnul
Zin
The Shining One
Beogh

Shops:
D:5 %   D:7 [   D:13 [   Orc:2 [(*:

Annotations:
Snake:2 Baghtru's ghost, adept MiBe


Innate Abilities, Weirdness & Mutations

You can walk through water.
Your dull iron-grey scales are very hard. (AC +14)
You cannot fit into any form of body armour.
You can survive without breathing.
You are cold-blooded and may be slowed by cold attacks.


Message History

Throwing (i - inventory. (,) - cycle):
j - 37 tomahawks (quivered)
Press: ? - help, Shift-Dir - straight line, f/p - black mamba
Aim: a black mamba You throw a tomahawk.
The tomahawk hits the black mamba.
The black mamba is lightly wounded.
Throwing (i - inventory. (,) - cycle):
j - 36 tomahawks (quivered)
Press: ? - help, Shift-Dir - straight line, f/p - black mamba
Aim: a black mamba (lightly wounded)
Okay, then.
Casting: Blade Hands
Confirm with . or Enter, or press ? or * to list all spells.
Your hands turn into razor-sharp scythe blades.
Your +2 pair of gloves melds into your body.
Your +2 buckler melds into your body.
The black mamba bites you but does no damage.
You now have 19/24 mp.
You slice the black mamba!!
You kill the black mamba!
Cheibriados thoroughly appreciates the change of pace.
You see here a black mamba corpse.
Things that are here:
a spear; a hunting sling; a ring mail You regained 2 hp, and now have 55/138 hp.
j - 37 tomahawks (gained 1)
You regained 3 hp, and now have 59/138 hp.
j - 38 tomahawks (gained 1)
You regained 2 hp, and now have 61/138 hp.
You regained 2 hp, and now have 64/138 hp.
You regained 2 hp, and now have 67/138 hp.
You regained 2 hp, and now have 70/138 hp.
MP restored: 24 You regained 2 hp, and now have 74/138 hp.
You regained 2 hp, and now have 77/138 hp.
You hear the quick crackling of a distant melting archway.
You regained 2 hp, and now have 80/138 hp.
You regained 2 hp, and now have 83/138 hp.
A black mamba comes into view.
You regained 2 hp, and now have 86/138 hp.
Your transformation is almost over.
The black mamba hisses angrily.
Baghtru's ghost turns its malevolent gaze towards you.
The black mamba misses you. x2
The black mamba bites you but does no damage.
The black mamba bites you.
You take 4 damage, and have 83/138 hp.
Casting: Blade Hands
Confirm with . or Enter, or press ? or * to list all spells.
You extend your transformation's duration.
You are feeling hungry.
The black mamba misses you.
A naga ritualist comes into view. It is wielding a scimitar of venom.
You now have 19/24 mp.
You shred the black mamba!!!
You kill the black mamba!
Cheibriados thoroughly appreciates the change of pace.
You hear an angry hiss. x2
You hit Baghtru's ghost. You tail-slap Baghtru's ghost.
Baghtru's ghost is lightly damaged.
The naga ritualist mumbles some strange words.
The naga ritualist begins to radiate toxic energy.
Baghtru's ghost barely misses you.
You shred Baghtru's ghost!!!
You tail-slap Baghtru's ghost, but do no damage.
You slash Baghtru's ghost, but do no damage.
Baghtru's ghost is moderately damaged.
You shred Baghtru's ghost!!!
Your tail-slap misses Baghtru's ghost.
Your slash misses Baghtru's ghost.
Baghtru's ghost is heavily damaged.
You hear an angry hiss.
Baghtru's ghost completely misses you.
You barely miss Baghtru's ghost.
Baghtru's ghost is heavily damaged.
Baghtru's ghost hits you!
You feel your power leaking away.
An anaconda comes into view.
You take 13 damage, and have 73/138 hp.
You now have 13/24 mp.
You slash Baghtru's ghost!
Your tail-slap misses Baghtru's ghost.
Baghtru's ghost is heavily damaged.
You barely miss Baghtru's ghost.
You tail-slap Baghtru's ghost, but do no damage.
You slash Baghtru's ghost, but do no damage.
Baghtru's ghost is heavily damaged.
Baghtru's ghost says, "I'll split you in two!"
Baghtru's ghost hits you!!
* * * LOW HITPOINT WARNING * * *
You feel your power leaking away.
You take 30 damage, and have 43/138 hp.
MASSIVE DAMAGE!!
You now have 10/24 mp.
You can feel time thicken for a moment.
You feel somewhat more hungry.
You are poisoned.
The anaconda grabs you. The anaconda closely misses you.
* * * LOW HITPOINT WARNING * * *
The anaconda constricts you. The anaconda barely misses you.
* * * LOW HITPOINT WARNING * * *
The anaconda constricts you. You block Baghtru's ghost's attack.
You take 5 damage, and have 38/138 hp.
You now have 5/24 mp.
You can feel time thicken for a moment.
You kill the anaconda!
Cheibriados thoroughly appreciates the change of pace.
You feel somewhat more hungry.
You feel sick. Baghtru's ghost hits you!!!
You die...

#....# ...# #...# ##...# #.#
#...##### ...### #..(#.......#
.....####### #.((.N....#
.....#.....# ####))....##
.....#.....# #...#W.....#
.........>.## #...#)††...#
#...........#######...##))#..###
##.......##.....@W....##()#....#
#...###.........N....##........
##### ######[..##.....#%...#.#.
#...####........#.# #####
#..........!# #...##......#
##### ......# ..#..## ..####


You could see a naga ritualist and Baghtru's ghost.

Vanquished Creatures
  Saint Roka (Orc:2)
  Jorgrun (Snake:2)
  Donald (Orc:2)
  An azure jelly (Snake:2)
  Louise (Snake:2)
  Aizul (Snake:2)
  2 orc warlords
  Azrael (Orc:1)
  Josephine (Snake:1)
  6 hydras
  6 naga warriors
  5 anacondas (Snake:2)
  5 centaur warriors (D:13)
  A catoblepas (Lair:6)
  3 two-headed ogres
  A deep troll shaman (Lair:6)
  11 death yaks
  A naga sharpshooter (Snake:1)
  Urug (Orc:2)
  A tengu warrior (D:13)
  A shock serpent (Snake:1)
  An orc high priest (Orc:2)
  A hell knight (Volcano)
  4 unseen horrors
  A lindwurm (Lair:6)
  An ugly thing (D:12)
  2 mana vipers (Snake:1)
  7 orc knights
  2 manticores
  5 orc sorcerers
  4 elephants
  3 salamanders (Snake:2)
  A cyclops (D:13)
  15 black mambas
  A guardian serpent (Snake:2)
  A smoke demon (Volcano)
  12 spiny frogs
  2 molten gargoyles (Volcano)
  2 naga magi (Snake:2)
  4 torpor snails (Lair:6)
  An anaconda simulacrum (Lair:5)
  An efreet (D:13)
  A kobold demonologist (D:12)
  A rime drake (Lair:6)
  2 freezing wraiths (Snake:2)
  A komodo dragon (shapeshifter) (D:13)
  7 komodo dragons
  7 trolls
  A red devil (Volcano)
  3 merfolk (Lair:3)
  3 polar bears
  Prince Ribbit (D:6)
  Grinder (D:4)
  4 hornets
  A slime creature (D:13)
  17 dream sheep
  13 hippogriffs
  The ghost of Paps the Shield-Bearer, an amateur GrFi (D:5)
  2 redbacks (Lab)
  12 spriggans (Lair:4)
  A shadow (D:12)
  4 vampires
  Eustachio (D:6)
  3 wyverns
  4 basilisks
  7 wraiths
  7 fire elementals
  39 yaks
  2 fire bats (Volcano)
  A hungry ghost (D:13)
  18 nagas
  4 wargs
  A hydra simulacrum (Lair:5)
  11 water moccasins
  5 hell hounds
  A soldier ant (D:10)
  Duvessa (D:6)
  9 porcupines
  2 hornet zombies
  47 orc warriors
  5 ice beasts
  4 phantoms
  4 black bears
  6 sky beasts
  9 ogres
  2 necrophages
  15 centaurs
  3 boggarts (Lair:4)
  7 wolves (Lair:6)
  An eye of draining (D:13)
  5 crocodiles
  2 big kobolds
  11 bullfrogs
  A spiny frog simulacrum (Lair:5)
  Dowan (D:6)
  3 scorpions
  11 killer bees
  A blink frog simulacrum (Lair:5)
  4 electric eels (Lair:3)
  2 howler monkeys
  2 vampire bats (D:7)
  5 wights (D:13)
  12 lava snakes
  3 crimson imps
  3 centaur zombies
  2 bullfrog zombies
  6 hounds
  9 jellies
  A water moccasin simulacrum (Lair:5)
  Crazy Yiuf (D:5)
  30 orc priests
  4 bullfrog skeletons
  4 centaur skeletons
  4 iguanas
  28 orc wizards
  10 worker ants
  A bullfrog simulacrum (Lair:5)
  A hound zombie (D:8)
  A hound skeleton (D:4)
  A worker ant zombie (D:11)
  11 adders
  A crocodile simulacrum (Lair:5)
  8 gnolls
  A shadow imp (D:12)
  8 oozes
  2 adder skeletons
  An adder zombie (D:5)
  5 worms
  3 dart slugs
  6 leopard geckos
  99 orcs
  14 bats
  6 bat zombies (D:7)
  5 giant cockroaches
  25 goblins
  24 hobgoblins
  5 jackals
  4 quokkas
  9 frilled lizards
  A giant cockroach zombie (D:5)
  11 kobolds
  A leopard gecko zombie (D:7)
  A quokka zombie (D:7)
  9 rats
854 creatures vanquished.

Vanquished Creatures (others)
  An orc wizard (D:9)
  An orc (Orc:1)
  A butterfly (Lair:5)
  5 fungi (Lair:6)
  4 plants
12 creatures vanquished.

Grand Total: 866 creatures vanquished

Notes
Turn   | Place    | Note
-------+----------+-------------------------------------------
     0 | D:1      | Monsterracer the Draconian Hunter began the quest for the Orb.
     0 | D:1      | Reached XP level 1. HP: 17/17 MP: 1/1
    89 | D:1      | Reached skill level 1 in Unarmed Combat
   252 | D:1      | Reached XP level 2. HP: 24/24 MP: 2/2
   360 | D:1      | Reached skill level 2 in Unarmed Combat
   933 | D:2      | Found a glowing silver altar of Zin.
   937 | D:2      | Became a worshipper of Zin the Law-Giver
   948 | D:2      | Reached XP level 3. HP: 29/29 MP: 3/3
   957 | D:2      | Reached skill level 3 in Unarmed Combat
  1153 | D:2      | Reached XP level 4. HP: 36/36 MP: 4/4
  1295 | D:2      | Reached * piety under Zin
  1571 | D:3      | HP: 18/36 [poisoned by an adder]
  1578 | D:3      | HP: 17/36 [poisoned by an adder]
  1586 | D:3      | HP: 16/36 [poisoned by an adder]
  1969 | D:2      | Found a shadowy altar of Dithmenos.
  1992 | D:3      | Reached skill level 4 in Unarmed Combat
  2095 | D:3      | Found a basalt altar of Yredelemnul.
  2095 | D:3      | Found a deep blue altar of Sif Muna.
  2100 | D:3      | Found a shadowy altar of Dithmenos.
  2102 | D:3      | Found an iron altar of Okawaru.
  2104 | D:3      | Found a snail-covered altar of Cheibriados.
  2337 | D:4      | Reached XP level 5. HP: 41/41 MP: 5/5
  2354 | D:4      | Reached ** piety under Zin
  2746 | D:4      | Noticed a water moccasin
  2757 | D:4      | Killed a water moccasin
  2757 | D:4      | Reached skill level 5 in Unarmed Combat
  2757 | D:4      | Reached XP level 6. HP: 26/48 MP: 6/6
  2758 | D:4      | HP: 21/48 [hound skeleton (4)]
  2764 | D:4      | HP: 11/48 [poisoned by a water moccasin]
  2769 | D:4      | HP: 10/48 [poisoned by a water moccasin]
  2777 | D:4      | HP: 9/48 [poisoned by a water moccasin]
  2785 | D:4      | HP: 9/48 [poisoned by a water moccasin]
  3211 | D:4      | Found a staircase to the Ecumenical Temple.
  3310 | D:4      | Noticed Grinder
  3313 | D:4      | HP: 24/48 [Grinder/nerve-wracking pain (12)]
  3315 | D:4      | Paralysed by Grinder for 2 turns
  3321 | D:4      | HP: 2/48 [Grinder/nerve-wracking pain (14)]
  3323 | D:4      | Killed Grinder
  3766 | D:4      | Your scales start taking on a dull iron-grey colour.
  3766 | D:4      | Reached XP level 7. HP: 55/55 MP: 7/7
  3766 | D:4      | Gained mutation: You can survive without breathing. [Grey Draconian growth]
  3891 | D:5      | Entered Level 5 of the Dungeon
  3901 | D:5      | Found Isod's Food Shop.
  3981 | D:4      | Reached skill level 6 in Unarmed Combat
  4188 | D:5      | Reached skill level 9 in Unarmed Combat
  4188 | D:5      | Reached skill level 5 in Invocations
  4188 | D:5      | Reached XP level 8. HP: 70/70 MP: 7/12
  4189 | D:5      | Reached skill level 10 in Unarmed Combat
  4189 | D:5      | Reached XP level 9. HP: 79/79 MP: 7/14
  4398 | D:5      | Reached *** piety under Zin
  4428 | D:4      | HP: 34/79 [orc warrior/battleaxe (24)]
  4964 | D:5      | Noticed Paps's ghost (amateur GrFi)
  4992 | D:5      | Killed Paps's ghost
  5327 | D:5      | Found a runed door.
  5331 | D:5      | Noticed Crazy Yiuf
  5337 | D:5      | Killed Crazy Yiuf
  5424 | D:6      | Noticed a two-headed ogre
  5431 | D:6      | Killed a two-headed ogre
  5431 | D:6      | Reached skill level 11 in Unarmed Combat
  6189 | D:6      | Noticed Eustachio
  6201 | D:6      | Killed Eustachio
  6201 | D:6      | Reached XP level 10. HP: 88/88 MP: 15/15
  6305 | D:6      | Noticed Duvessa
  6308 | D:6      | Noticed Dowan
  6310 | D:6      | Killed Duvessa
  6315 | D:6      | Killed Dowan
  6523 | D:6      | Found an opulent altar of Gozag.
  6575 | D:6      | Found a sparkling altar of Nemelex Xobeh.
  6751 | D:6      | Noticed Prince Ribbit
  6755 | D:6      | Killed Prince Ribbit
  6885 | D:7      | Reached **** piety under Zin
  7045 | D:7      | Found an ancient bone altar of Kikubaaqudgha.
  7467 | D:7      | Found Aceracosty's Armour Shoppe.
  7760 | D:8      | HP: 43/88 [orc warrior/mace (19)]
  8036 | D:8      | Reached skill level 1 in Stealth
  9017 | D:9      | HP: 44/90 [warg (17)]
  9402 | D:8      | Reached XP level 11. HP: 83/95 MP: 16/16
 10190 | D:8      | HP: 45/95 [warg (7)]
 10625 | D:9      | Found a staircase to the Lair.
 10818 | D:9      | Found a staircase to the Orcish Mines.
 11258 | D:9      | Found a transporter.
 11268 | D:9      | Found a roughly hewn altar of Beogh.
 11298 | D:9      | Found a transporter.
 11693 | D:9      | HP: 24/95 [cyclops (25)]
 11699 | D:9      | HP: 13/95 [orc warrior/scimitar (5)]
 11941 | Lair:1   | Entered Level 1 of the Lair of Beasts
 11955 | Lair:1   | HP: 47/95 [spiny frog (18)]
 11961 | Lair:1   | HP: 28/95 [poisoned by a spiny frog]
 11964 | Lair:1   | HP: 12/95 [spiny frog (8)]
 11965 | Lair:1   | Reached skill level 12 in Unarmed Combat
 11970 | Lair:1   | HP: 10/95 [poisoned by a spiny frog]
 11973 | Lair:1   | Found a labyrinth entrance.
 11978 | Lair:1   | HP: 9/95 [poisoned by a spiny frog]
 11986 | Lair:1   | HP: 9/95 [poisoned by a spiny frog]
 12334 | Lab      | Entered a labyrinth
 12465 | Lab      | Reached ***** piety under Zin
 12603 | Lab      | Noticed a minotaur
 12608 | Lab      | HP: 33/95 [minotaur (24)]
 12650 | Lab      | Got a transparent glass ring
 12650 | Lab      | Got a faintly glowing shortbow
 12674 | Lair:1   | Identified the ring of Sin {rF+ rC+ rN+ Int+4 Slay-4} (You found it in a labyrinth)
 12678 | Lair:1   | HP: 19/95 [/a scroll of torment (16)]
 12685 | Lair:1   | Learned a level 4 spell: Summon Lightning Spire
 14229 | Lair:2   | Found a staircase to the Snake Pit.
 15023 | Lair:3   | HP: 45/97 [yak (11)]
 15028 | Lair:3   | HP: 43/97 [yak (4)]
 15380 | Lair:3   | Reached XP level 12. HP: 103/104 MP: 18/18
 15406 | Lair:3   | Noticed a death yak
 15406 | Lair:3   | Noticed a death yak
 15407 | Lair:3   | Noticed a death yak
 15408 | Lair:3   | Noticed a death yak
 15408 | Lair:3   | Noticed a death yak
 15475 | Lair:2   | Killed a death yak
 15568 | Lair:2   | Killed a death yak
 16193 | Lair:3   | Found a staircase to the Shoals.
 16424 | Lair:3   | HP: 50/105 [death yak (6)]
 16425 | Lair:3   | Killed a death yak
 16552 | Lair:2   | Killed a death yak
 16597 | Lair:3   | Killed a death yak
 17283 | Temple   | Entered the Ecumenical Temple
 17589 | D:3      | Fell from the grace of Zin
 17589 | D:3      | Became a worshipper of Cheibriados the Contemplative
 17596 | D:3      | Learned a level 5 spell: Blade Hands
 17924 | Lair:4   | Noticed a seven-headed hydra
 17934 | Lair:4   | HP: 53/106 [seven-headed hydra (2)]
 17936 | Lair:4   | Killed a seven-headed hydra
 17940 | Lair:4   | HP: 33/106 [spriggan/rapier (8)]
 18215 | Lair:4   | HP: 52/106 [spriggan rider/spear (9)]
 18227 | Lair:4   | HP: 51/106 [basilisk (7)]
 18266 | Lair:4   | Learned a level 2 spell: Sticks to Snakes
 18626 | Lair:4   | Reached skill level 1 in Spellcasting
 18636 | Lair:4   | Reached * piety under Cheibriados
 18904 | Lair:4   | Reached skill level 5 in Transmutations
 19102 | Lair:4   | HP: 35/106 [spriggan rider/spear (24)]
 19104 | Lair:4   | Reached XP level 13. HP: 37/112 MP: 19/19
 19354 | Lair:5   | Reached ** piety under Cheibriados
 19460 | Lair:5   | Found a staircase to the Slime Pits.
 19681 | Lair:5   | Found a transporter.
 20155 | Lair:5   | Found a transporter.
 20249 | Lair:5   | Got a shimmering cloak
 20260 | Lair:5   | Identified the +4 cloak "Siameoj" {rN++ Int+3 Dex-2} (You found it on level 5 of the Lair of Beasts)
 20289 | Lair:6   | Entered Level 6 of the Lair of Beasts
 20358 | Lair:6   | Reached *** piety under Cheibriados
 20683 | Lair:6   | Found a shadowy altar of Dithmenos.
 20698 | Lair:6   | Found a dark tunnel.
 20706 | Volcano  | Entered a volcano
 21113 | Volcano  | Found a burning altar of Makhleb.
 21129 | Volcano  | HP: 47/112 [red devil/trident of flaming (15)]
 21130 | Volcano  | HP: 17/112 [red devil/trident of flaming (18)]
 21340 | Volcano  | Reached skill level 5 in Spellcasting
 21526 | Lair:6   | Reached skill level 1 in Evocations
 21541 | Lair:6   | Reached **** piety under Cheibriados
 21735 | Lair:6   | Reached skill level 13 in Unarmed Combat
 22269 | Lair:6   | Reached ***** piety under Cheibriados
 22402 | Lair:6   | Reached skill level 5 in Stealth
 22412 | Lair:6   | Reached XP level 14. HP: 90/119 MP: 17/21
 22499 | Lair:6   | Reached skill level 10 in Fighting
 22831 | Lair:6   | Found a snail-covered altar of Cheibriados.
 23042 | Orc:1    | Entered Level 1 of the Orcish Mines
 23337 | Orc:1    | Reached skill level 10 in Transmutations
 23482 | Orc:2    | Entered Level 2 of the Orcish Mines
 23489 | Orc:2    | Noticed Azrael
 23556 | Orc:1    | HP: 34/121 [Azrael/bolt of fire (33)]
 23561 | Orc:1    | Killed Azrael
 23561 | Orc:1    | HP: 30/121 [burnt (4)]
 23811 | Orc:2    | Reached skill level 1 in Summonings
 23849 | Orc:2    | Noticed Saint Roka
 23859 | Orc:1    | HP: 51/121 [orc knight/long sword (28)]
 23947 | Orc:2    | HP: 59/121 [orc warrior/hand axe (16)]
 24051 | Orc:2    | Noticed Urug
 24051 | Orc:2    | Noticed an orc warlord
 24069 | Orc:1    | HP: 53/121 [orc warlord/uncursed long sword of holy wrath (18)]
 24073 | Orc:1    | Killed an orc warlord
 24073 | Orc:1    | Reached skill level 1 in Air Magic
 24260 | Orc:2    | Noticed Donald
 24454 | Orc:2    | Reached ****** piety under Cheibriados
 24476 | Orc:2    | HP: 57/121 [sixfirhy[an orc sorcerer] (8)]
 24792 | Orc:2    | HP: 61/122 [Urug/javelin of returning (8)]
 24886 | Orc:2    | Killed Urug
 25033 | Orc:2    | Found a roughly hewn altar of Beogh.
 25036 | Orc:2    | Found Nusoham's Book Shoppe.
 25115 | Orc:2    | Killed Donald
 25202 | Orc:2    | HP: 39/122 [Saint Roka/war axe of distortion (33)]
 25225 | Orc:2    | HP: 25/122 [Saint Roka/divine providence (13)]
 25226 | Orc:2    | HP: 11/122 [Saint Roka/divine providence (15)]
 25228 | Orc:2    | HP: 1/122 [Saint Roka/divine providence (11)]
 25229 | Orc:2    | Killed Saint Roka
 25401 | Orc:2    | Found a roughly hewn altar of Beogh.
 25599 | Orc:2    | Found a staircase to the Elven Halls.
 25637 | Orc:2    | Found Exoeleen's Antique Armour Shoppe.
 25643 | Orc:2    | Bought a pair of shimmering boots for 190 gold pieces
 25653 | Orc:2    | Identified the +0 pair of boots of Nobility {rF+ rN+ Slay+2} (You bought it in a shop on level 2 of the Orcish Mines)
 25670 | Orc:2    | Bought a book of Necromancy for 420 gold pieces
 25674 | Orc:2    | Learned a level 3 spell: Regeneration
 25680 | Orc:2    | Learned a level 5 spell: Borgnjor's Vile Clutch
 25690 | Orc:2    | Found Toyczigyxyu's General Store.
 25697 | Orc:2    | Bought a wand of clouds (5) for 351 gold pieces
 25705 | Orc:2    | Found Ohameoce's Antique Weapon Shoppe.
 25854 | D:10     | Entered Level 10 of the Dungeon
 25982 | D:10     | Reached skill level 14 in Unarmed Combat
 26227 | D:10     | Found a flagged portal.
 26246 | Bailey   | Entered a bailey
 26581 | Bailey   | Noticed an orc warlord
 26596 | Bailey   | Reached XP level 15. HP: 119/128 MP: 13/22
 26600 | Bailey   | Killed an orc warlord
 26671 | Bailey   | Identified a scroll of acquirement
 26674 | Bailey   | Got a smoking hat
 26680 | Bailey   | Identified the +1 hat "Zegazeuc" {rF+ MR+ Str+2} (You acquired it in a bailey)
 26721 | D:10     | Got a pair of slimy boots
 26732 | D:10     | Identified the +4 pair of boots of Limitation {rN++ Regen+} (You acquired it on level 10 of the Dungeon)
 26738 | D:10     | Learned a level 4 spell: Olgreb's Toxic Radiance
 28093 | D:11     | Found a blossoming altar of Fedhas.
 28919 | D:13     | Reached skill level 10 in Invocations
 29016 | D:13     | HP: 62/128 [centaur warrior (12)]
 29205 | D:13     | Reached skill level 5 in Evocations
 29527 | D:13     | Found Zezucav's Armour Shoppe.
 29530 | D:13     | Bought the +0 mask of the Dragon {MR+ Slay+3 SInv} for 501 gold pieces
 29530 | D:13     | Found the +0 mask of the Dragon {MR+ Slay+3 SInv}
 30311 | Snake:1  | Entered Level 1 of the Snake Pit
 30385 | Snake:1  | HP: 46/129 [naga sharpshooter/bolt (22)]
 30391 | Snake:1  | HP: 50/129 [naga sharpshooter/bolt (2)]
 30399 | Snake:1  | HP: 48/129 [mana viper (5)]
 30402 | Snake:1  | Reached skill level 10 in Throwing
 30546 | Snake:1  | Noticed Josephine
 30567 | Snake:1  | Killed Josephine
 31037 | Snake:2  | HP: 64/129 [guardian serpent (21)]
 31041 | Snake:2  | HP: 29/129 [naga warrior/trident (4)]
 31057 | Snake:2  | HP: 33/130 [naga warrior/long sword (5)]
 31098 | Snake:2  | HP: 50/130 [black mamba (5)]
 31214 | Snake:2  | Noticed Aizul
 31225 | Snake:2  | Killed Aizul
 31226 | Snake:2  | HP: 65/130 [guardian serpent (6)]
 31227 | Snake:2  | Reached skill level 5 in Summonings
 31231 | Snake:2  | HP: 43/130 [poisoned by a naga mage (poison arrow)]
 31232 | Snake:2  | Reached skill level 15 in Unarmed Combat
 31237 | Snake:2  | Reached XP level 16. HP: 44/137 MP: 18/24
 31237 | Snake:2  | HP: 44/137 [poisoned by a naga mage (poison arrow)]
 31241 | Snake:2  | Noticed Louise
 31242 | Snake:2  | HP: 44/137 [poisoned by a naga mage (poison arrow)]
 31246 | Snake:2  | HP: 14/137 [Louise/bolt of lightning (31)]
 31247 | Snake:2  | HP: 4/137 [Louise/bolt of lightning (38)]
 31252 | Snake:2  | HP: 46/137 [poisoned by a naga mage (poison arrow)]
 31256 | Snake:2  | Killed Louise
 31257 | Snake:2  | Noticed Baghtru's ghost (adept MiBe)
 31258 | Snake:2  | HP: 48/138 [poisoned by a naga mage (poison arrow)]
 31264 | Snake:2  | HP: 35/138 [poisoned by a naga mage (poison arrow)]
 31269 | Snake:1  | HP: 38/138 [poisoned by a naga mage (poison arrow)]
 31270 | Snake:1  | Learned a level 2 spell: Song of Slaying
 31275 | Snake:1  | HP: 42/138 [poisoned by a naga mage (poison arrow)]
 31281 | Snake:1  | HP: 45/138 [poisoned by a naga mage (poison arrow)]
 31439 | Snake:2  | Noticed Jorgrun
 31448 | Snake:2  | Killed Jorgrun
 31464 | Snake:2  | Reached skill level 1 in Necromancy
 31467 | Snake:2  | HP: 52/138 [anaconda (19)]
 31474 | Snake:2  | HP: 41/138 [salamander/spear (12)]
 31528 | Snake:2  | HP: 43/138 [Baghtru's ghost (31)]
 31530 | Snake:2  | Slain by Baghtru's ghost

Skill      XL: |  1  2  3  4  5  6  7  8  9 10 11 12 13 14 15 16 |
---------------+-------------------------------------------------+-----
Unarmed Combat | 1 2 3 4 5 9 10 11 12 13 14 15 | 15.2
Shields        | 2 3 4 |  4.0
Fighting       | 6 7 8 9 10 11 | 11.5
Throwing       | 6 7 8 9 10 | 10.0
Dodging        | 4 6 7 8 9 |  9.8
Invocations    | 5 6 7 8 9 10 | 10.8
Stealth        | 1 3 4 5 |  5.0
Transmutations | 5 9 10 | 10.0
Spellcasting   | 2 5 |  5.0
Evocations     | 2 4 5 |  5.0
Summonings     | 2 5 |  5.0
Air Magic      | 2 4 |  4.3
Necromancy     | 1 |  1.4

Action                   |  1- 3 |  4- 6 |  7- 9 | 10-12 | 13-15 | 16-18 || total
-------------------------+-------+-------+-------+-------+-------+-------++-------
Melee: Short sword       |    52 |       |       |       |       |       ||    52
       Tailslap          |    12 |    11 |    21 |   170 |   227 |    11 ||   452
       Unarmed           |    69 |   105 |   167 |  1007 |  1166 |    39 ||  2553
       Punch             |     1 |     3 |       |       |    44 |     6 ||    54
Throw: Javelin           |     5 |    16 |     7 |    16 |     7 |     5 ||    56
       Throwing net      |       |     2 |     1 |       |       |       ||     3
       Tomahawk          |       |       |       |    19 |   113 |     2 ||   134
       Stone             |       |       |       |   243 |   138 |       ||   381
 Cast: Blade Hands       |       |       |       |       |    80 |     5 ||    85
Invok: Recite            |       |       |       |    11 |       |       ||    11
       Imprison          |       |       |       |     1 |       |       ||     1
       Bend Time         |       |       |       |       |     1 |       ||     1
       Slouch            |       |       |       |       |     6 |     2 ||     8
 Abil: End Transformatio |       |       |       |       |     2 |     2 ||     4
Evoke: Wand              |       |       |       |     1 |     4 |       ||     5
  Use: Scroll            |       |     6 |     7 |    17 |     9 |     3 ||    42
       Potion            |       |       |     2 |     5 |     2 |     3 ||    12
 Stab: Sleeping          |     5 |     2 |       |     5 |    12 |       ||    24
       Held in net/web   |       |     1 |     2 |       |       |       ||     3
       Confused          |       |       |       |     4 |       |       ||     4
       Paralysed         |       |       |       |     2 |       |       ||     2
       Petrified         |       |       |       |       |     5 |       ||     5
       Distracted        |       |       |       |       |     2 |       ||     2
  Eat: Chunk             |     1 |     5 |     4 |    27 |    38 |       ||    75
       Ration            |       |     1 |     1 |     4 |     2 |       ||     8
Armor: Skin              |    31 |    21 |    40 |   201 |   391 |    17 ||   701
Dodge: Dodged            |    87 |    47 |    62 |   390 |  1059 |    37 ||  1682
Block: Buckler           |       |       |    30 |   234 |   209 |       ||   473
       Reflection        |       |       |       |     4 |     8 |       ||    12
       Other             |       |       |       |       |    31 |     9 ||    40

Vault maps used:
D:1:      minmay_arrival_nine_rooms
D:2:      lemuel_upstairs_altar, zin_scriptorium, hangedman_decor_diamond_cutter
D:3:      chequers_temple_overflow_minitemple, first_ration, minmay_bisected
D:4:      temple_pool_b, minivault_26, minmay_small_thing, uniq_grinder
D:5:      serial_shops, shop_fountains, roderic_serpentine_path,
          uniq_crazy_yiuf_cottage
D:6:      nicolae_overflow_hidden_temple, grunt_gozag_statues, uniq_duvessa,
          uniq_eustachio, uniq_prince_ribbit1
D:7:      kennysheep_vampire_church, serial_shops, shop
D:9:      gammafunk_beogh_shrine, erik_lair_orcish_takeover, orc_0_dummy,
          kennysheep_generic_room_10
D:10:     enter_bailey_2, hangedman_little_slice_of_home
D:11:     fedhas_altar_fruit_tree
D:13:     minmay_opposing_rooms, serial_shops, nicolae_shop_behind_doors,
          grunt_ministairs_6, hangedman_batty
Temple:   dpeg_chambers_temple
Lair:1:   lab_entry_generic, grunt_megastairs_5, lemuel_fruit_tree
Lair:2:   minmay_snake_entry_guardpost_medium, serial_bayou_shore_b
Lair:3:   elwin_shoals_entry_rooms, serial_bayou_ford_a
Lair:4:   kb_forest_paths, minivault_25, serial_bayou_pond_e, minmay_hedge_maze
Lair:5:   gammafunk_cloud_chamber, nicolae_slime_entry_slimehenge, st_stairs_11,
          lemuel_fruit_fields
Lair:6:   grunt_lair_end_beastmaster, basic_altar, enter_volcano_1,
          kennysheep_snail_temple, grunt_megastairs_2
Snake:1:  uniq_josephine
Snake:2:  basic_altar, portal_ice_cave_entry_frozen_things, uniq_louise,
          uniq_jorgrun, uniq_aizul
Orc:1:    nicolae_orc_sculptors_studio
Orc:2:    grunt_orc_cross, basic_altar, uniq_donald, uniq_azrael,
          uniq_saint_roka
Lab:      nicolae_lab_big_swirl, nicolae_lab_swirl, labyrinth_skeletal_remains,
          nicolae_lab_garden, nicolae_lab_starburst, labyrinth_fake_exit,
          labyrinth_lava_lair
Bailey:   bailey_axe_minmay_hex_keep, bailey
Volcano:  volcano_lake
